 Dungeon Crawl Stone Soup version 0.29.1-15-g9cfb28693d (webtiles) character file.

Game seed: 3010310708117886935

16800 shadizar the Basher (level 12, -13/77 HPs)
             Began as a Gargoyle Fighter on Mar 17, 2023.
             Was a Believer of the Shining One.
             Mangled by a komodo dragon (20 damage)
             ... on level 8 of the Dungeon.
             The game lasted 00:33:18 (16794 turns).

shadizar the Basher (Gargoyle Fighter)             Turns: 16794, Time: 00:33:19

Health: -13/77     AC: 33    Str: 23    XL:     12   Next: 41%
Magic:  9/12       EV:  9    Int: 11    God:    the Shining One [**....]
Gold:   333        SH: 12    Dex:  9    Spells: 11/11 levels left

rFire   . . .      SeeInvis .   y - +4 flail
rCold   . . .      Faith    .   c - +0 buckler
rNeg    + + .      Spirit   .   H - +0 chain mail
rPois   ∞          Reflect  .   G - +1 hat {Stlth+}
rElec   +          Harm     .   N - +1 cloak {Will+}
rCorr   .          Rampage  .   E - +0 pair of gloves
Will    +....                   (no boots)
Stlth   ..........              (no amulet)
HPRegen 0.22/turn               l - +4 ring of protection
MPRegen 0.13/turn               w - +4 ring of protection

@: divinely shielded, glowing
A: sickness immunity, AC +8, negative energy resistance 1, electricity
resistance, torment resistance 1, petrification resistance
a: Renounce Religion, Divine Shield


You were on level 8 of the Dungeon.
You worshipped the Shining One.
The Shining One was pleased with you.
You visited 3 branches of the dungeon, and saw 13 of its levels.
You also visited: Ice Cave.

You collected 531 gold pieces.
You spent 198 gold pieces at shops.

Inventory:

Hand Weapons
 v - a +2 vorpal mace
 y - a +4 flail (weapon)
 z - a +4 short sword
 D - a +1 whip of flaming
 I - a +4 dire flail
 Q - a +3 battleaxe
Armour
 c - a +0 buckler (worn)
 E - a +0 pair of gloves (worn)
 G - a +1 hat of stealth (worn)
 H - a +0 chain mail (worn)
 K - +0 steam dragon scales
 N - a +1 cloak of willpower (worn)
 O - a +0 plate armour
Jewellery
 l - a +4 ring of protection (left hand)
 w - a +4 ring of protection (right hand)
 x - a +6 ring of dexterity
 P - a ring of magical power
Wands
 i - a wand of flame (8)
 n - a wand of polymorph (11)
 B - a wand of charming (7)
 C - a wand of light (8)
Scrolls
 a - a scroll of magic mapping
 e - 2 scrolls of enchant armour
 f - 5 scrolls of identify
 h - 5 scrolls of teleportation
 j - 3 scrolls of butterflies
 p - 3 scrolls of noise
 q - 4 scrolls of fear
 L - a scroll of poison
 M - 2 scrolls of amnesia
 S - a scroll of blinking
Potions
 b - 2 potions of invisibility
 d - 2 potions of berserk rage
 g - a potion of degeneration {unknown}
 k - 2 potions of flight
 m - 2 potions of brilliance
 o - 5 potions of magic
 r - 2 potions of heal wounds {unknown}
 s - 3 potions of lignification {unknown}
 t - a potion of experience {unknown}
 u - 6 potions of ambrosia
 A - 2 potions of cancellation
 F - a potion of mutation {unknown}
 R - a potion of resistance {unknown}


   Skills:
 + Level 10.3 Fighting
 + Level 11.9 Maces & Flails
 + Level 10.0 Armour
 + Level 5.2 Dodging
 - Level 2.3 Stealth
 + Level 9.6 Shields
 - Level 1.0 Invocations


You had 11 spell levels left.
You didn't know any spells.
Your spell library contained the following spells:

 Spells                   Type           Power      Damage    Failure   Level
 Sandblast                Erth           0%         2d4       94%         1
 Passwall                 Tmut/Erth      0%         N/A       98%         2
 Confusing Touch          Hex            0%         N/A       100%        3
 Dazzling Flash           Conj/Hex       0%         N/A       100%        3
 Portal Projectile        Hex/Tloc       0%         N/A       100%        3
 Stone Arrow              Conj/Erth      0%         3d7       100%        3
 Tukima's Dance           Hex            0%         N/A       100%        3
 Hailstorm                Conj/Ice       0%         3d3       100%        4
 Ice Form                 Ice/Tmut       0%         N/A       100%        4
 Iskenderun's Mystic Bla  Conj/Tloc      0%         2d3       100%        4
 Summon Ice Beast         Ice/Summ       0%         N/A       100%        4
 Blade Hands              Tmut           0%         N/A       100%        5
 Summon Mana Viper        Hex/Summ       0%         N/A       100%        5
 Yara's Violent Unravell  Hex/Tmut       0%         3d3       100%        5
 Dispersal                Tloc           0%         N/A       100%        6
 Simulacrum               Ice/Necr       0%         N/A       100%        6
 Enfeeble                 Hex            0%         N/A       100%        7
 Malign Gateway           Summ/Tloc      0%         N/A       100%        7
 Monstrous Menagerie      Summ           0%         N/A       100%        7


Dungeon Overview and Level Annotations

Branches:
Dungeon (11/15)            Temple (1/1) D:4            Lair (1/5) D:8
  IceCv (visited)
    Orc: D:9-12

Altars:
Ashenzari
Cheibriados
Dithmenos
Elyvilon
Fedhas
Gozag
Hepliaklqana
Kikubaaqudgha
Makhleb
Nemelex Xobeh
Okawaru
Qazlal
Ru
Sif Muna
Trog
Uskayaw
Vehumet
Wu Jian
Xom
Yredelemnul
Zin
The Shining One

Shops:
D:3 ([?**   D:8 :   D:10 [

Annotations:
D:10 2 runed translucent doors, yegreS's ghost, novice MeEE


Innate Abilities, Weirdness & Mutations

You are immune to sickness and miasma.
Your stone body is resilient. (AC +8)
You are immune to poison.
You resist negative energy. (rN+)
You are resistant to electric shocks. (rElec)
You are resistant to unholy torment.
You are immune to petrification.


Message History

You block the yak's attack. x2; The yak gores you but does no damage.
The yak attacks as you move away! The yak gores you!
* * * LOW HITPOINT WARNING * * *
The yak misses you. The yak gores you but does no damage.
The yak attacks as you move away! The yak gores you.
* * * LOW HITPOINT WARNING * * *
You see here a +0 robe.
The yak attacks as you move away! The yak closely misses you.
The yak attacks as you move away! The yak gores you but does no damage.
The yak attacks as you move away! The yak gores you but does no damage.
The yak attacks as you move away! The yak completely misses you.
The yak attacks as you move away! The yak gores you but does no damage.
The yak attacks as you move away! The yak gores you but does no damage.
The yak attacks as you move away! The yak gores you!
* * * LOW HITPOINT WARNING * * *
The yak attacks as you move away! You block the yak's attack.
You see here a staff of poison.
You feel better. You block the yak's attack.
The yak gores you but does no damage. The yak gores you!
* * * LOW HITPOINT WARNING * * *
The yak attacks as you move away! You block the yak's attack.
A komodo dragon comes into view.
The komodo dragon hisses angrily.
The yak attacks as you move away! You block the yak's attack.
Your shield is strengthened by the Shining One's divine power.
You block the yak's attack. The yak closely misses you.
You block the yak's attack.
There is a staircase back to the Dungeon, spattered with blood here.
You block the yak's attack. x2; The yak gores you but does no damage.
The komodo dragon bites you.
* * * LOW HITPOINT WARNING * * *
You climb upwards.
Welcome back to the Dungeon!
There is a staircase to the Lair here.
Unknown command.
You block the yak's attack. The yak barely misses you.
The yak gores you but does no damage. The yak attacks as you move away!
The yak barely misses you.
The komodo dragon attacks as you move away!
The komodo dragon bites you!!
You die...

#.# #.##...### #.###
#........# #.[.#
###.##...#.#
#######.....####.#
##.........##.#
##........P..#.#
###..........P...#
########.......YlY......#
#.....##†#...P.Y@.......#
..###.##.##........P..#<#
..###.##.###....[....##.#
#.........####.....######
#####.##########.####.#
##≈≈.≈≈.....÷÷..# #Y#
#≈≈≈.≈≈≈######### #.#
#≈≈⌠.⌠≈≈############.#
##...∩............Y...#


You could see a komodo dragon and 3 yaks.

Vanquished Creatures
  Gastronok (D:8)
  A two-headed ogre (D:11)
  A death yak (D:8)
  Pikel (D:6)
  A manticore (D:11)
  4 elephants
  A cane toad (D:8)
  Maggie (D:8)
  An unseen horror (D:11)
  A rime drake (Lair:1)
  A komodo dragon (Lair:1)
  4 blink frogs (Lair:1)
  4 wyverns
  A dire elephant simulacrum (IceCv)
  35 yaks
  2 steam dragons
  A basilisk (Lair:1)
  A death yak simulacrum (IceCv)
  An acid dragon (D:9)
  7 water moccasins
  Duvessa (D:6)
  2 orc warriors
  An ice beast (D:6)
  3 black bears
  2 centaurs
  2 lemures
  A kobold brigand (D:6)
  A bullfrog (Lair:1)
  A gnoll sergeant (D:9)
  A scorpion (D:4)
  2 cane toad simulacra (IceCv)
  8 wights (D:8)
  Dowan (D:6)
  10 killer bees
  4 hounds (D:6)
  A jelly (D:5)
  4 orc priests
  3 gnoll boudas (D:4)
  Natasha (thrice) (D:2)
  2 iguanas (D:5)
  7 orc wizards
  A polar bear simulacrum (IceCv)
  16 gnolls
  4 adders
  12 white imps (D:11)
  An ufetubus (D:5)
  2 worms
  2 dart slugs
  36 orcs
  10 ball pythons
  8 endoplasms
  3 giant cockroaches
  8 goblins
  7 hobgoblins
  2 jackals (D:3)
  A quokka (D:2)
  2 training dummies (D:6)
  7 bats
  6 frilled lizards
  16 kobolds
  7 rats
281 creatures vanquished.

Vanquished Creatures (others)
  A fungus (Lair:1)
  2 plants (Lair:1)
3 creatures vanquished.

Grand Total: 284 creatures vanquished

Notes
Turn   | Place    | Note
-------+----------+-------------------------------------------
     0 | D:1      | shadizar the Gargoyle Fighter began the quest for the Orb.
     0 | D:1      | Reached XP level 1. HP: 14/14 MP: 1/1
   234 | D:1      | Reached XP level 2. HP: 18/19 MP: 2/2
   672 | D:1      | Reached XP level 3. HP: 22/23 MP: 3/3
  1129 | D:2      | Noticed Natasha
  1141 | D:2      | Killed Natasha
  1142 | D:2      | Reached XP level 4. HP: 5/29 MP: 4/4
  1483 | D:2      | Noticed Natasha
  1489 | D:2      | Killed Natasha
  1560 | D:2      | Noticed Natasha
  1586 | D:2      | HP: 1/29 [Natasha (2)]
  1587 | D:2      | Killed Natasha
  1588 | D:2      | Reached skill level 3 in Maces & Flails
  1588 | D:2      | Reached XP level 5. HP: 2/33 MP: 5/5
  2419 | D:3      | Found Mipum's General Store.
  2500 | D:3      | Found a faded altar of an unknown god.
  2613 | D:3      | Found Xuecaory's Magic Scroll Shop.
  2907 | D:3      | Found Umynuman's Armour Shop.
  2924 | D:3      | Found Qomoly's Antique Weapon Shoppe.
  3338 | D:3      | Found Arpherota's General Store.
  3595 | D:4      | Reached XP level 6. HP: 28/39 MP: 6/6
  4296 | D:4      | Found a staircase to the Ecumenical Temple.
  4347 | Temple   | Entered the Ecumenical Temple
  4604 | Temple   | Became a worshipper of the Shining One
  4735 | D:4      | Reached skill level 5 in Fighting
  4765 | D:4      | Reached skill level 5 in Armour
  4765 | D:4      | Reached skill level 5 in Shields
  4998 | D:4      | Reached XP level 7. HP: 44/44 MP: 7/7
  5211 | D:5      | Entered Level 5 of the Dungeon
  5325 | D:5      | Noticed a steam dragon
  5338 | D:5      | Killed a steam dragon
  5339 | D:5      | Reached skill level 4 in Maces & Flails
  5784 | D:5      | Reached XP level 8. HP: 51/51 MP: 8/8
  6194 | D:5      | Found a stormy altar of Qazlal.
  6312 | D:6      | Reached skill level 5 in Maces & Flails
  6497 | D:6      | Noticed a +0 dagger
  6498 | D:6      | Noticed a +0 hand axe
  6634 | D:6      | Found a hide-covered altar of Uskayaw.
  6770 | D:6      | Noticed Duvessa
  6770 | D:6      | Noticed Dowan
  6775 | D:6      | Killed Duvessa
  6776 | D:6      | Reached skill level 1 in Dodging
  6782 | D:6      | Killed Dowan
  7114 | D:7      | Noticed Pikel
  7416 | D:6      | Killed Pikel
  7417 | D:6      | Reached skill level 6 in Maces & Flails
  7417 | D:6      | Reached skill level 1 in Stealth
  7417 | D:6      | Reached XP level 9. HP: 9/56 MP: 9/9
  7719 | D:7      | Reached skill level 7 in Maces & Flails
  7824 | D:7      | Found a snail-covered altar of Cheibriados.
  8599 | D:8      | Reached * piety under the Shining One
  8663 | D:8      | Reached skill level 8 in Maces & Flails
  8776 | D:8      | Noticed a death yak
  8776 | D:8      | Noticed Maggie
  9006 | D:8      | Found Vilant's Self-Improvement Boutique.
  9062 | D:8      | Found a staircase to the Lair.
  9364 | D:8      | Killed Maggie
  9365 | D:8      | Reached skill level 9 in Maces & Flails
  9634 | D:8      | Noticed Gastronok
  9736 | D:7      | Reached XP level 10. HP: 63/63 MP: 10/10
 10054 | D:3      | Bought a +1 cloak of willpower for 198 gold pieces
 11121 | D:9      | Found a faded altar of an unknown god.
 11121 | D:9      | Found a faded altar of an unknown god.
 11123 | D:9      | Found a faded altar of an unknown god.
 11123 | D:9      | Found a hazy altar of Hepliaklqana.
 11583 | D:10     | Entered Level 10 of the Dungeon
 11684 | D:10     | Reached skill level 10 in Maces & Flails
 11870 | D:10     | Found Koifem's Antique Armour Boutique.
 12025 | D:10     | Noticed yegreS's ghost (novice MeEE)
 12025 | D:10     | Noticed a lich
 12025 | D:10     | Noticed a skeletal warrior
 12026 | D:10     | Noticed a necromancer
 12026 | D:10     | Noticed a centaur warrior
 12026 | D:10     | Noticed a skeletal warrior
 12026 | D:10     | Reached ** piety under the Shining One
 12057 | D:10     | Found a runed translucent door.
 12065 | D:10     | Found a runed translucent door.
 12198 | D:10     | Reached skill level 1 in Invocations
 12207 | D:10     | Reached XP level 11. HP: 60/68 MP: 11/11
 12435 | D:10     | Noticed a cyclops
 12524 | D:11     | Found a frozen archway.
 12669 | IceCv    | Entered an ice cave
 12669 | IceCv    | Reached *** piety under the Shining One
 13290 | D:11     | Noticed a manticore
 13325 | D:11     | Killed a manticore
 13326 | D:11     | Reached skill level 11 in Maces & Flails
 13698 | D:11     | Noticed a two-headed ogre
 13730 | D:11     | Killed a two-headed ogre
 13904 | D:11     | Noticed a boulder beetle
 14237 | D:11     | Noticed a white ugly thing
 14253 | D:11     | The Shining One protects you from harm!
 14616 | D:8      | Killed a death yak
 14949 | Lair:1   | Entered Level 1 of the Lair of Beasts
 15534 | D:8      | Reached XP level 12. HP: 42/77 MP: 12/12
 15552 | D:8      | Killed Gastronok
 15901 | Lair:1   | Reached skill level 10 in Fighting
 16006 | Lair:1   | Reached skill level 5 in Dodging
 16167 | Lair:1   | Got the Omnibus of Translocated Jinxing
 16754 | Lair:1   | Reached skill level 10 in Armour
 16794 | D:8      | Mangled by a komodo dragon

Illustrated notes

Levels and vault maps discovered:
D:1:      heliophobic_arrival_enchanted_forest, layout_loops_ring,
          minmay_misc_feat_enclosed, minmay_tetromino_s4
D:2:      layout_rooms, uniq_natasha
D:3:      layout_loops_corners, basic_ecumenical_altar, serial_shops, shop,
          shop, nicolae_shop_advertising_works [nicolae_subvault_shop_adworks],
          shop_fountains, shop, st_stairs_5, serial_park_tiny_pond
D:4:      layout_gridville, minmay_temple_entry_antechambers
D:5:      layout_loops_ring, mainiacjoe_overflow_six_doors_small
D:6:      dreamdust_elfheim, layout_basic, dancing_weapons_uskayaw, st_stairs_13
D:7:      layout_gridville, chei_slow_surprise, uniq_pikel
D:8:      layout_loops_ring, david_lair_generic, minmay_misc_feat_ornament,
          nicolae_shop_self_help, uniq_gastronok, uniq_maggie
D:9:      layout_roguey, nicolae_hepliaklqana_ecumenical_no_more
D:10:     layout_small_grid, serial_shops, nicolae_lakefront_shop,
          muffindrake_ghost_dual_entry
D:11:     layout_basic, portal_ice_cave_entry_imps, uniq_josephine
Temple:   regret_index_temple_mists
Lair:1:   layout_hall_layers

Skill      XL: |  1  2  3  4  5  6  7  8  9 10 11 12 |
---------------+-------------------------------------+-----
Fighting       | 4 5 6 7 8 9 10 | 10.3
Armour         | 4 5 6 7 8 9 10 | 10.0
Shields        | 4 5 6 7 9 |  9.6
Maces & Flails | 3 4 6 9 10 11 | 11.9
Dodging        | 1 2 3 4 5 |  5.2
Stealth        | 1 2 |  2.3
Invocations    | 1 |  1.0

Action                   |  1- 3 |  4- 6 |  7- 9 | 10-12 || total
-------------------------+-------+-------+-------+-------++-------
Melee: Flail             |   104 |   243 |   279 |   503 ||  1129
       Whip              |       |       |       |   200 ||   200
Invok: Divine Shield     |       |       |       |    26 ||    26
  Use: Potion            |     1 |     1 |     6 |     7 ||    15
       Scroll            |       |       |    15 |     9 ||    24
Armor: Scale mail        |    47 |   152 |   183 |       ||   382
       Chain mail        |       |       |    71 |   392 ||   463
       Skin              |       |       |     4 |       ||     4
Dodge: Dodged            |    61 |   121 |   137 |   221 ||   540
Block: Buckler           |    35 |    65 |    66 |   265 ||   431
